 Dungeon Crawl Stone Soup version 0.24.0-13-gcf9b319 (webtiles) character file.

Game seed: 14411999237602679668, levelgen mode: deterministic

60 Bronimir the Digger (level 4, -1/31 HPs)
             Began as a Formicid Earth Elementalist on Apr 21, 2020.
             Killed from afar by Natasha (10 damage)
             ... with a magic dart
             ... on level 2 of the Dungeon.
             The game lasted 00:02:57 (1748 turns).

Bronimir the Digger (Formicid Earth Elementalist)   Turns: 1748, Time: 00:02:58

Health: -1/31      AC:  2    Str: 14    XL:     4   Next: 25%
Magic:  5/8        EV: 12    Int: 14    God:
Gold:   118        SH:  0    Dex: 11    Spells: 2/8 levels left

rFire    . . .     SeeInvis +   a - +0 spear
rCold    . . .     Gourm    .   (no shield)
rNeg     . . .     Faith    .   c - +0 robe
rPois    .         Spirit   .   (helmet unavailable)
rElec    .         Reflect  .   (no cloak)
rCorr    .         Harm     .   (no gloves)
MR       .....                  (no boots)
Stlth    ++........             (no amulet)
HPRegen  0.10/turn              (no ring)
MPRegen  0.11/turn              (no ring)

@: no status effects
A: permanent stasis, dig shafts and tunnels, four strong arms, antennae 3
a: Dig, Shaft Self


You were on level 2 of the Dungeon.
You were not hungry.

You visited 1 branch of the dungeon, and saw 2 of its levels.

You collected 118 gold pieces.

Inventory:

Hand Weapons
 a - a +0 spear (weapon)
 b - a +0 hunting sling
 h - a +2 dagger of venom
Missiles
 f - 63 stones (quivered)
 l - 16 poisoned darts
Armour
 c - a +0 robe (worn)
Jewellery
 p - an uncursed ring of ice {unknown}
Scrolls
 e - 2 scrolls of identify {unknown}
 g - a scroll of teleportation {unknown}
 k - a scroll of enchant armour {unknown}
 n - a scroll of noise {unknown}
Potions
 i - a potion of haste {unknown}
 j - a potion of curing {unknown}
 m - 2 potions of heal wounds {unknown}
Comestibles
 d - 5 rations


   Skills:
 * Level 0.6 Fighting
 + Level 0.2 Polearms
 * Level 0.7 Armour
 + Level 2.0 Dodging
 - Level 2.4 Stealth
 * Level 2.7 Spellcasting
 * Level 0.2 Conjurations
 + Level 1.1 Transmutations
 * Level 4.8 Earth Magic


You had 2 spell levels left.
You knew the following spells:

 Your Spells              Type           Power        Failure   Level  Hunger
a - Sandblast             Erth           ###...       3%          1    #......
b - Passwall              Tmut/Erth      ##......     10%         2    ###....
c - Stone Arrow           Conj/Erth      #.....       24%         3    ###....

Your spell library contained the following spells:

 Spells                   Type           Power        Failure   Level  Hunger
 Petrify                  Tmut/Erth      ##......     54%         4    #####..
 Lee's Rapid Deconstruct  Erth           ###.......   63%         5    ######.


Dungeon Overview and Level Annotations

Branches:
Dungeon (2/15)

Altars:

Annotations:
D:2 Natasha


Innate Abilities, Weirdness & Mutations

You cannot be hasted, slowed, berserked, paralysed or teleported.
You can dig through walls and to a lower floor.
Your four strong arms can wield two-handed weapons with a shield.
You have a pair of large antennae on your head. (SInv)


Message History

You start resting.
You sense a monster nearby.
You start resting.
A kobold comes into view.
You start resting.
The kobold is too close now for your liking.
Casting: Sandblast (safe; 3% risk of failure)
Confirm with . or Enter, or press ? or * to list all spells.
You can't see any susceptible monsters within range! (Use Z to cast anyway.)
You start resting.
Eating one of 2 chunks of flesh.
You eat one of the 2 chunks of flesh.
This raw flesh tastes terrible.
All of the chunks of flesh in your inventory have rotted away.
You sense a monster nearby.
You start resting.
Natasha, Servant of Life and Death comes into view.
Natasha hisses angrily.
Natasha casts a spell at you. The magic dart hits you!
You die...

# #.####
##########
#....#
#.<......#
#######.#
#.######.#
..#....#
##<######.#
#.#.##@#
##...#......
#.#.##.#
#......###.#
##.K.##.#
##...#.# #.#
#......#.
.........###.#
#.#.##h.#
#####........#
#.#.....#
#.########
#.####..# #+#
#.# #..#
#.####..#


You could see Natasha.

Vanquished Creatures
  Natasha (D:2)
  2 oozes (D:1)
  A dart slug (D:1)
  A giant cockroach (D:2)
  4 goblins
  4 hobgoblins
  4 bats (D:2)
  2 frilled lizards
  4 kobolds
  3 rats (D:1)
26 creatures vanquished.

Notes
Turn   | Place    | Note
-------+----------+-------------------------------------------
     0 | D:1      | Bronimir the Formicid Earth Elementalist began the quest
                  | for the Orb.
     0 | D:1      | Reached XP level 1. HP: 13/13 MP: 3/3
   413 | D:1      | Reached skill level 4 in Earth Magic
   413 | D:1      | Reached XP level 2. HP: 19/19 MP: 1/5
   956 | D:1      | Reached XP level 3. HP: 17/24 MP: 4/6
  1129 | D:2      | Learned a level 2 spell: Passwall
  1133 | D:2      | Learned a level 3 spell: Stone Arrow
  1696 | D:2      | Noticed Natasha
  1704 | D:2      | Killed Natasha
  1704 | D:2      | Reached XP level 4. HP: 4/31 MP: 0/8
  1745 | D:2      | Noticed Natasha
  1748 | D:2      | Killed from afar by Natasha

Levels and vault maps discovered:
D:1:      dpeg_arrival_pits, layout_rooms, serial_park_tiny_pond,
          minmay_curled_crystal
D:2:      layout_loops_corners, first_ration, st_stairs_8, minivault_27,
          grunt_decor_clamped, uniq_natasha

Skill      XL: |  1  2  3 |
---------------+----------+-----
Earth Magic    | 4 |  4.8
Dodging        | 2 |  2.0
Fighting       | |  0.6
Polearms       | |  0.2
Armour         | |  0.7
Stealth        | |  2.4
Spellcasting   | |  2.7
Conjurations   | |  0.2
Transmutations | |  1.1

Action                   |  1- 3 |  4- 6 || total
-------------------------+-------+-------++-------
Melee: Spear             |    35 |       ||    35
 Cast: Sandblast         |    28 |       ||    28
       Stone Arrow       |     4 |       ||     4
 Stab: Sleeping          |     1 |       ||     1
  Eat: Chunk             |     3 |     1 ||     4
Armor: Robe              |     8 |       ||     8
Dodge: Dodged            |    23 |       ||    23
